 Dungeon Crawl Stone Soup version 0.27.1-34-g3ba077fa99 (webtiles) character file.

Game seed: 8348321321041661284

8 Siimlane the Grasshopper (level 2, 0/24 HPs)
             Began as a Ghoul Warper on Dec 11, 2021.
             Slain by a giant cockroach (1 damage)
             ... on level 1 of the Dungeon on Jan 21, 2022.
             The game lasted 00:05:01 (949 turns).

Siimlane the Grasshopper (Ghoul Warper)              Turns: 949, Time: 00:05:01

Health: 0/24       AC:  3    Str: 14    XL:     2   Next: 8%
Magic:  3/3        EV: 11    Int:  8    God:
Gold:   18         SH:  0    Dex:  8    Spells: 4/4 levels left

rFire    . . .     SeeInvis .   a - +0 short sword
rCold    + . .     Faith    .   (no shield)
rNeg     + + +     Spirit   .   b - +0 leather armour
rPois    ∞         Reflect  .   (no helmet)
rElec    .         Harm     .   (no cloak)
rCorr    .         Rampage  .   (no gloves)
Will     .....                  (no boots)
Stlth    +.........             (no amulet)
HPRegen  0.00/turn              (no ring)
MPRegen  0.08/turn              (no ring)

@: inhibited regen
A: claws 1, cold resistance 1, negative energy resistance 3, inhibited
regeneration, torment resistance 2
a: no special abilities


You were on level 1 of the Dungeon.
You visited 1 branch of the dungeon, and saw 1 of its levels.

You collected 18 gold pieces.

Inventory:

Hand Weapons
 a - a +0 short sword (weapon)
Missiles
 d - 5 boomerangs of dispersal (quivered) {i dont know}
Armour
 b - a +0 leather armour (worn)


   Skills:
 + Level 2.1 Fighting
 + Level 1.9 Short Blades
 + Level 0.8 Throwing
 + Level 0.8 Armour
 + Level 2.0 Dodging
 + Level 1.9 Spellcasting
 + Level 2.9 Translocations


You had 4 spell levels left.
You didn't know any spells.
Your spell library contained the following spells:

 Spells                   Type           Power      Damage    Failure   Level
 Blink                    Tloc           N/A        N/A       21%         2
 Gell's Gravitas          Tloc           2%         N/A       36%         3
 Lesser Beckoning         Tloc           2%         N/A       36%         3
 Teleport Other           Tloc           5%         N/A       36%         3
 Manifold Assault         Tloc           5%         N/A       98%         5


Dungeon Overview and Level Annotations

Branches:
Dungeon (1/15)

Altars:


Innate Abilities, Weirdness & Mutations

You thrive by killing the living.
You are immune to poison.
You have sharp fingernails.
Your flesh is cold resistant. (rC+)
You are immune to negative energy. (rN+++)
You do not regenerate when monsters are visible.
You are immune to unholy pain and torment.


Message History

The quokka twitches its whiskers.
The giant cockroach bites you.
* * * LOW HITPOINT WARNING * * *
You closely miss the giant cockroach.
The giant cockroach bites you but does no damage.
The quokka closely misses you.
You are too injured to fight recklessly!
You are too injured to fight recklessly!
You are too injured to fight recklessly!
You are too injured to fight recklessly!
You are too injured to fight recklessly!
You are too injured to fight recklessly!
There are monsters nearby!
There are monsters nearby!
You barely miss the quokka.
The quokka is lightly wounded.
The giant cockroach misses you. The quokka closely misses you.
The giant cockroach barely misses you.
Welcome back, Siimlane the Ghoul Warper.
Press ? for a list of commands and other information.
You closely miss the quokka.
The quokka is lightly wounded.
The quokka bites you.
* * * LOW HITPOINT WARNING * * *
The giant cockroach bites you.
* * * LOW HITPOINT WARNING * * *
You are too injured to fight recklessly!
You are too injured to fight recklessly!
You are too injured to fight recklessly!
You closely miss the quokka.
The quokka is lightly wounded.
The quokka bites you.
* * * LOW HITPOINT WARNING * * *
The giant cockroach closely misses you. The quokka closely misses you.
The giant cockroach barely misses you. The quokka closely misses you.
The giant cockroach bites you.
You die...

###############.#######
#..r...................
##.###....#####.#######
#.# #.##.#........#..#
#.# #.##.#.###.##.#..#
#r# #.##.#......#.#..#
#.# #.##.#.#..#.#.#..#
#.# #r##.#.#....#.#..#
#.# #@##.#......#.##.#
#[# #B# #.#.#..#.##.#
#.# #.# #.#.####.##.#
#.# #.# #.#......##.#
#.# #.# #.#########.#
#.# #.# #...........#
#§# #.# #############
#.# #.# #.#


You could see a quokka and a giant cockroach.

Vanquished Creatures
  2 goblins (D:1)
  2 hobgoblins (D:1)
  A kobold (D:1)
  A ball python (D:1)
  A frilled lizard (D:1)
7 creatures vanquished.

Vanquished Creatures (others)
  3 demonic plants (D:1)
  A plant (D:1)
4 creatures vanquished.

Grand Total: 11 creatures vanquished

Notes
Turn   | Place    | Note
-------+----------+-------------------------------------------
     0 | D:1      | Siimlane the Ghoul Warper began the quest for the Orb.
     0 | D:1      | Reached XP level 1. HP: 17/17 MP: 2/2
    77 | D:1      | Found a faded altar of an unknown god.
   495 | D:1      | Reached XP level 2. HP: 21/24 MP: 3/3
   946 | D:1      | Upgraded the game from 0.27.1-33-g824d729ab1 to
                  | 0.27.1-34-g3ba077fa99
   947 | D:1      | HP: 1/24 [quokka (2)]
   949 | D:1      | Slain by a giant cockroach

Illustrated notes

Levels and vault maps discovered:
D:1:      minmay_arrival_loop, layout_basic, shapermc_ecumenical_altar_gd

Skill      XL: |  1  2 |
---------------+-------+-----
Dodging        | 2 |  2.0
Fighting       | |  2.1
Short Blades   | |  1.9
Throwing       | |  0.8
Armour         | |  0.8
Spellcasting   | |  1.9
Translocations | |  2.9

Action                   || total
-------------------------++-------
Melee: Short sword       ||    65
  Use: Scroll            ||     2
Armor: Leather armour    ||    12
Dodge: Dodged            ||    45
